 Dungeon Crawl Stone Soup version 0.26-a0-88-g5ee4766 (webtiles) character file.

Game seed: 1659334770574066731

21 Cheivey the Skirmisher (level 2, -6/25 HPs)
             Began as a Barachi Fighter on June 22, 2020.
             Mangled by a gnoll
             ... wielding a +0 whip
              (8 damage)
             ... on level 2 of the Dungeon.
             The game lasted 00:01:22 (1068 turns).

Cheivey the Skirmisher (Barachi Fighter)            Turns: 1068, Time: 00:01:23

Health: -6/25      AC:  7    Str: 17    XL:     2   Next: 83%
Magic:  2/2        EV:  4    Int:  8    God:
Gold:   55         SH:  0    Dex: 11    Spells: 1/1 levels left

rFire    . . .     SeeInvis .   a - +0 long sword
rCold    . . .     Gourm    .   c - +0 kite shield
rNeg     . . .     Faith    .   b - +0 scale mail
rPois    .         Spirit   .   (no helmet)
rElec    .         Reflect  .   (no cloak)
rCorr    .         Harm     .   (no gloves)
MR       .....                  (no boots)
Stlth    ..........             (no amulet)
HPRegen  0.08/turn              (no ring)
MPRegen  0.08/turn              (no ring)

@: held, slow
A: +LOS, swims, slowness 1, strong legs 1
a: Hop


You were on level 2 of the Dungeon.
You were not hungry.

You visited 1 branch of the dungeon, and saw 2 of its levels.

You collected 55 gold pieces.

Inventory:

Hand Weapons
 a - a +0 long sword (weapon)
Armour
 b - a +0 scale mail (worn)
 c - a +0 kite shield (worn)
Jewellery
 g - an uncursed amulet of reflection {unknown}
Scrolls
 e - a scroll of identify {unknown}
Potions
 h - a potion of heal wounds {unknown}
Comestibles
 f - a ration


   Skills:
 + Level 4.0 Fighting
 + Level 2.6 Long Blades
 + Level 4.0 Armour
 + Level 3.5 Shields


You had one spell level left.
You didn't know any spells.
Your spell library was empty.

Dungeon Overview and Level Annotations

Branches:
Dungeon (1/15)

Altars:


Innate Abilities, Weirdness & Mutations

You can be seen from farther away. (+LOS)
You can swim through water.
You cover ground slowly.
You can hop short distances.


Message History

You block the gnoll's attack. The ooze completely misses you.
The gnoll throws a throwing net.
The throwing net hits you.
You become entangled in the net!
The adder bites you but does no damage. The gnoll hits you but does no damage.
The adder bites you but does no damage. The gnoll hits you with a +0 whip.
The ooze hits you but does no damage.
You are held in a net!
You are held in a net!
You are held in a net!
You are held in a net!
Unknown command.
You are held in a net!
Unknown command.
You are held in a net!
You struggle against the net.
The adder bites you but does no damage. x2
The gnoll hits you from afar with a +0 halberd!
* * * LOW HITPOINT WARNING * * *
The gnoll hits you with a +0 whip.
* * * LOW HITPOINT WARNING * * *
The gnoll hits you with a +0 whip!
You die...

..........##
...........#
...........#
...........#
...........###
.............
........gb.#
<.....gSJg# ..#
#...g@.##..... #####
#####.S....... #...#
####.....#.......
#...###....#####..J....
#....)...#### ......
#...####....# ......
##...# ####...... .....
##....# ####. .....
......# ....


You could see 3 gnolls, 2 oozes, 2 adders, a goblin and a bat.

Vanquished Creatures
  2 adders (D:2)
  2 goblins (D:2)
  A kobold (D:2)
5 creatures vanquished.

Notes
Turn   | Place    | Note
-------+----------+-------------------------------------------
     0 | D:1      | Cheivey the Barachi Fighter began the quest for the Orb.
     0 | D:1      | Reached XP level 1. HP: 18/18 MP: 1/1
    87 | D:1      | You fall into a shaft and drop 1 floor!
   133 | D:2      | Reached XP level 2. HP: 11/25 MP: 2/2
  1068 | D:2      | Mangled by a gnoll

Illustrated notes

Levels and vault maps discovered:
D:1:      lordsloth_arrival_two_stooges, layout_basic, serial_curves,
          eino_curves_01, eino_curves_04, grunt_decor_arrowhead
D:2:      layout_rooms, lightli_temple_of_fire, serial_glass, glass_columns_b,
          glass_columns_a, due_unseen_surprise, item_on_display_a,
          feat_on_display, feat_on_display

Skill      XL: |  1  2 |
---------------+-------+-----
Fighting       | 4 |  4.0
Armour         | 4 |  4.0
Long Blades    | |  2.6
Shields        | |  3.5

Action                   || total
-------------------------++-------
Melee: Long sword        ||    44
  Use: Potion            ||     1
  Eat: Ration            ||     1
Armor: Scale mail        ||    30
Dodge: Dodged            ||    13
Block: Kite shield       ||    26
       Rpst.: Long sword ||     5

Table legend:
 A = Non-vault XP
 B = Vault XP
 C = Vault XP percentage of total XP
 D = Non-vault monster count
 E = Vault monster count
 F = Vault count percentage of total count
                 A         B        C        D         E       F
            +---------+---------+-------+---------+---------+-------
      Total |      30 |       0 |   0.0 |       5 |       0 |   0.0
            +---------+---------+-------+---------+---------+-------
        D:2 |      30 |       0 |   0.0 |       5 |       0 |   0.0
            +---------+---------+-------+---------+---------+-------
